 Dungeon Crawl Stone Soup version 0.28.0-53-g5a82cb258f (webtiles) character file.

Game seed: 914143294560610932

107063 Peloso the Peltast (level 15, 0/141 HPs)
             Began as a Minotaur Fighter on May 27, 2022.
             Was the Champion of Okawaru.
             Killed from afar by a deep elf zephyrmancer (16 damage)
             ... with a bolt of lightning
             ... on level 1 of the Elven Halls.
             The game lasted 01:12:27 (38921 turns).

Peloso the Peltast (Minotaur Fighter)              Turns: 38921, Time: 01:12:27

Health: 0/141      AC: 45    Str: 35    XL:     15   Next: 99%
Magic:  34/34      EV: 12    Int:  7    God:    Okawaru [******]
Gold:   1854       SH:  0    Dex: 13    Spells: 14/14 levels left

rFire   + . .      SeeInvis +   b - +3 scimitar (flame)
rCold   + . .      Faith    .   c - +1 kite shield {rC+}
rNeg    . . .      Spirit   .   V - +9 crystal plate armour "Panefei" {rF+ Int+2}
rPois   +          Reflect  +   A - +1 hat
rElec   .          Harm     .   J - +1 cloak "Tyxits" {Will+ rCorr MP+9 Stlth-}
rCorr   +          Rampage  .   k - +0 pair of gloves
Will    ++...                   F - +0 pair of boots of Naqung {MP+9 Slay+3}
Stlth   ..........              y - amulet of reflection
HPRegen 0.33/turn               o - +6 ring of strength
MPRegen 0.24/turn               S - ring "Osaib" {rPois Str+4 SInv}

@: confused, heroic
A: horns 2, retaliatory headbutt
a: Renounce Religion, Heroism, Finesse, Duel


You were on level 1 of the Elven Halls.
You worshipped Okawaru.
Okawaru was exalted by your worship.
You visited 5 branches of the dungeon, and saw 25 of its levels.
You also visited: Ice Cave.

You collected 2553 gold pieces.
You spent 699 gold pieces at shops.

Inventory:

Hand Weapons
 a - a +2 scimitar of electrocution
 b - a +3 scimitar of flaming (weapon)
Armour
 c - a +1 kite shield of cold resistance (worn)
 k - a +0 pair of gloves (worn)
 p - a +0 plate armour of cold resistance
 A - a +1 hat (worn)
 F - the +0 pair of boots of Naqung (worn) {MP+9 Slay+3}
   (Okawaru gifted it to you on level 5 of the Lair of Beasts)

   Slay:      It affects your accuracy & damage with ranged weapons and melee
   (+3).
   MP:        It affects your magic capacity (+9).
 J - the +1 cloak "Tyxits" (worn) {Will+ rCorr MP+9 Stlth-}
   (Okawaru gifted it to you on level 12 of the Dungeon)

   MP:        It affects your magic capacity (+9).
   rCorr:     It protects you from acid and corrosion.
   Will:      It increases your willpower.
   Stlth:     It makes you less stealthy.
 V - the +9 crystal plate armour "Panefei" (worn) {rF+ Int+2}
   (Okawaru gifted it to you on level 6 of the Lair of Beasts)

   Int:       It affects your intelligence (+2).
   rF:        It protects you from fire.
Jewellery
 o - a +6 ring of strength (left hand)
 y - an amulet of reflection (around neck)
 O - a ring of flight
 S - the ring "Osaib" (right hand) {rPois Str+4 SInv}
   (You bought it in a shop on level 2 of the Orcish Mines)

   [ring of poison resistance]

   Str:       It affects your strength (+4).
   rPois:     It protects you from poison.
   SInv:      It lets you see invisible.
 W - a ring of see invisible
Wands
 B - a wand of digging (3)
Scrolls
 e - 6 scrolls of teleportation
 g - 4 scrolls of noise
 h - 3 scrolls of fear
 m - 3 scrolls of immolation
 r - 3 scrolls of magic mapping
 U - a scroll of acquirement {unknown}
 X - a scroll of blinking
Potions
 d - 3 potions of might
 f - 7 potions of curing
 v - 4 potions of flight
 x - 2 potions of berserk rage
 N - a potion of haste
 Z - a potion of resistance


   Skills:
 + Level 15.3(20.3) Fighting
 + Level 3.0(15.5) Short Blades
 + Level 16.8(21.9) Long Blades
 + Level 17.2(22.2) Armour
 + Level 6.4(11.4) Dodging
 + Level 3.1(8.1) Stealth
 + Level 18.0(23.0) Shields
 + Level 3.7 Invocations
 + Level 2.2 Evocations


You had 14 spell levels left.
You didn't know any spells.
Your spell library contained the following spells:

 Spells                   Type           Power      Damage    Failure   Level
 Apportation              Tloc           0%         N/A       98%         1
 Sandblast                Erth           0%         2d4       98%         1
 Corpse Rot               Necr/Air       0%         N/A       99%         2
 Passwall                 Tmut/Erth      0%         N/A       99%         2
 Poisonous Vapours        Pois/Air       0%         N/A       99%         2
 Frozen Ramparts          Ice            0%         1d2       100%        3
 Gell's Gravitas          Tloc           0%         N/A       100%        3
 Lesser Beckoning         Tloc           0%         N/A       100%        3
 Stone Arrow              Conj/Erth      0%         3d7       100%        3
 Teleport Other           Tloc           0%         N/A       100%        3
 Ice Form                 Ice/Tmut       0%         N/A       100%        4
 Passage of Golubria      Tloc           0%         N/A       100%        4
 Alistair's Intoxication  Tmut/Pois      0%         N/A       100%        5
 Borgnjor's Vile Clutch   Necr/Erth      0%         N/A       100%        5
 Freezing Cloud           Conj/Ice/Air   0%         6-21      100%        5
 Silence                  Hex/Air        0%         N/A       100%        5
 Dispersal                Tloc           0%         N/A       100%        6
 Eringya's Noxious Bog    Tmut/Pois      0%         N/A       100%        6
 Disjunction              Tloc           0%         N/A       100%        8
 Lehudib's Crystal Spear  Conj/Erth      0%         10d2      100%        8
 Chain Lightning          Conj/Air       0%         N/A       100%        9
 Fire Storm               Conj/Fire      0%         5d1       100%        9
 Polar Vortex             Ice            0%         N/A       100%        9
 Shatter                  Erth           0%         3d5*      100%        9
 Animate Skeleton         Necr           Unusable   N/A       N/A         1
 Summon Small Mammal      Summ           Unusable   N/A       N/A         1
 Summon Ice Beast         Ice/Summ       Unusable   N/A       N/A         4
 Summon Forest            Summ/Tloc      Unusable   N/A       N/A         5
 Summon Mana Viper        Hex/Summ       Unusable   N/A       N/A         5
 Simulacrum               Ice/Necr       Unusable   N/A       N/A         6
 Summon Cactus Giant      Summ           Unusable   N/A       N/A         6

Dungeon Overview and Level Annotations

Branches:
Dungeon (15/15)            Temple (1/1) D:5            Lair (6/6) D:8
  Swamp (0/4) Lair:4       Spider (0/4) Lair:3        Slime (0/5) Lair:6
    Orc (2/2) D:11            Elf (1/3) Orc:2        Vaults (0/5) D:13
 Depths (0/4) D:15          IceCv (visited)

Altars:
Ashenzari
Elyvilon
Fedhas
Gozag
Hepliaklqana
Makhleb
Nemelex Xobeh
Okawaru
Qazlal
Ru
Trog
Uskayaw
Vehumet
Xom
Yredelemnul
The Shining One
Beogh
Jiyva

Shops:
D:3 *   D:9 *=*!(   D:15 (*[(*   Orc:1 (   Orc:2 =[*(

Portals:
Desolation: Elf:1

Annotations:
D:10 1 runed translucent door, Tali's ghost, novice DsBe
D:12 exclusion: orange crystal statue
Elf:1 3 runed translucent doors


Innate Abilities, Weirdness & Mutations

You have a pair of horns on your head.
You reflexively headbutt those who attack you in melee.


Message History

The deep elf archer blinks!
Items here: ( )) [ †.
You block the deep elf zephyrmancer's attack.
The deep elf zephyrmancer casts a spell.
The deep elf zephyrmancer blinks!
The deep elf archer shoots an arrow.
The arrow hits you but does no damage.
There is a huge open gate, spattered with blood here.
Unknown command.
You slash the deep elf zephyrmancer! You burn the deep elf zephyrmancer.
You headbutt the deep elf zephyrmancer!!
The deep elf zephyrmancer is almost dead.
The deep elf zephyrmancer gestures wildly while chanting.
The deep elf zephyrmancer blinks!
Unknown command.
The deep elf archer shoots an arrow.
You reflect the arrow off an invisible shield around you!
The arrow closely misses the deep elf archer.
Unknown command.
The deep elf archer unwields a +0 shortbow.
The deep elf archer wields a +0 short sword.
You block the deep elf archer's attack.
The deep elf zephyrmancer points at you and mumbles some strange words.
The bolt of lightning hits you!
* * * LOW HITPOINT WARNING * * *
Unknown command.
You barely miss the deep elf archer.
The deep elf archer is moderately wounded.
The deep elf archer points at you and mumbles some strange words.
You are confused.
Unknown command.
You miss the deep elf archer.
The deep elf archer is moderately wounded.
Unknown command.
You barely miss the deep elf archer.
The deep elf archer is moderately wounded.
The deep elf zephyrmancer gestures at you while chanting.
The bolt of lightning hits you!!
* * * LOW HITPOINT WARNING * * *
The bolt of lightning hits you!
You die...

..#**#######.#*###ee,>,,,* *
..#,,........#*...,,,,,,,********
).#,*..#####.##.###.,,,,,+,,,,,,*
..#,,...............,,,**********
).#,,....#.e...#....,**+** *
'##,,..,,#.....#,,..,***,** *
.##*,,,###'')''###,,,* **,**
.⌠#*,,,#......)..#,,,* **,** *
.##*,,##.8....)8@##,,******,*****
+#**,,#........e.e#,,,,,,,,,+,,*+
e.**,,#..8!....8..#,,********,,,,
..#*,,#.....∩.....#,,* *,,,,,
.|#,,,##.8.....8.##,,* **,,,*
..#,,,,#.........#,,,* **+,,*+
..#,,,,###########,,,******,*+***
***,,,,,,,,,,,,,,,,,,,,,,*,**,* *
* *,,,,,,,,,,,,,,,,,,,,,,+***,*


You could see a deep elf archer (repels missiles) and 2 deep elf zephyrmancers.

Vanquished Creatures
  An Ice Fiend (IceCv)
  An orc warlord (Orc:2)
  A juggernaut zombie (D:15)
  An ironbound preserver (D:13)
  2 very ugly things (IceCv)
  The ghost of Qucvyi Areg the Grappler, a journeyman DrTm of Yredelemnul (Lair:2)
  Snorg (Lair:6)
  Josephine (D:13)
  Fannar (Orc:1)
  2 boulder beetles
  14 hydras
  4 caustic shrike simulacra (IceCv)
  2 peacekeepers (Elf:1)
  3 centaur warriors
  2 catoblepae
  A spriggan skeleton (D:15)
  7 two-headed ogres
  A death yak (Lair:2)
  An orc high priest (Orc:2)
  A deep elf knight (Elf:1)
  Urug (Orc:2)
  Sonja (D:10)
  A skeletal warrior (D:15)
  A flayed ghost (D:15)
  A bog body (IceCv)
  2 obsidian statues (IceCv)
  A deep elf archer (Elf:1)
  4 orc knights
  4 deep elf pyromancers
  2 necromancers
  3 orc sorcerers (Orc:2)
  A stone giant zombie (D:15)
  4 deep elf zephyrmancers
  2 ugly things
  2 salamanders (Lair:3)
  19 elephants
  5 cyclopes
  2 manticores
  4 black mambas
  2 unseen horrors
  Maggie (Lair:2)
  14 cane toads
  A spriggan zombie (D:15)
  2 gargoyles
  A rime drake (Lair:5)
  12 komodo dragons
  3 kobold demonologists
  A guardian mummy (D:15)
  3 freezing wraiths (IceCv)
  An entropy weaver simulacrum (IceCv)
  7 hornets
  2 golden dragon simulacra (IceCv)
  2 meliai
  6 polar bears
  5 trolls
  22 dream sheep
  6 blink frogs
  25 slime creatures
  2 shadows
  14 spriggans (Lair:6)
  3 wyverns
  7 fire bats (Lair:3)
  45 yaks
  3 steam dragons
  3 wraiths (D:13)
  4 basilisks
  2 minotaur simulacra (IceCv)
  A fire elemental (Lair:3)
  6 wargs
  Menkaure (D:7)
  An acid dragon (D:8)
  A hydra simulacrum (IceCv)
  11 water moccasins
  An alligator simulacrum (IceCv)
  A black bear (shapeshifter) (D:13)
  An ice beast (D:6)
  29 orc warriors
  5 ettin simulacra (IceCv)
  A sky beast (D:6)
  6 black bears
  4 necrophages
  7 ogres
  4 boggarts (Lair:6)
  9 centaurs
  29 wolves
  5 kobold brigands
  3 phantoms
  16 bullfrogs
  2 scorpions
  A wyvern skeleton (D:7)
  10 killer bees
  6 wights
  5 howler monkeys
  2 vampire bats (Orc:2)
  2 electric eels
  A crimson imp (D:13)
  2 lava snakes (Lair:3)
  8 centaur zombies
  A bullfrog zombie (D:5)
  7 hounds
  31 orc priests
  A jelly (D:5)
  A bullfrog skeleton (D:3)
  A centaur skeleton (D:4)
  16 iguanas
  31 orc wizards
  A yak simulacrum (D:11)
  3 polar bear simulacra (D:11)
  2 wolf simulacra (D:11)
  A hound zombie (D:5)
  A howler monkey zombie (D:9)
  7 gnolls
  2 adders (D:2)
  A shadow imp (D:6)
  2 white imps
  2 ufetubi
  2 worms
  2 dart slugs
  82 orcs
  4 ball pythons
  4 endoplasms
  3 giant cockroaches
  7 goblins
  8 hobgoblins
  7 jackals
  25 kobolds
  3 quokkas
  9 bats
  18 frilled lizards
  4 rats
  5 river rat simulacra (D:11)
782 creatures vanquished.

Vanquished Creatures (others)
  A wizard (D:4)
  An orc (Orc:1)
  A bush (Lair:6)
  37 fungi
  44 plants
84 creatures vanquished.

Grand Total: 866 creatures vanquished

Notes
Turn   | Place    | Note
-------+----------+-------------------------------------------
     0 | D:1      | Peloso the Minotaur Fighter began the quest for the Orb.
     0 | D:1      | Reached XP level 1. HP: 19/19 MP: 0/0
   188 | D:1      | Reached XP level 2. HP: 21/27 MP: 1/1
   273 | D:1      | Reached skill level 4 in Shields
   902 | D:2      | Reached XP level 3. HP: 33/33 MP: 2/2
   964 | D:2      | Found a faded altar of an unknown god.
  1619 | D:3      | Found Zeppet's General Store.
  1629 | D:3      | Reached XP level 4. HP: 40/40 MP: 3/3
  1689 | D:3      | Found a white marble altar of Elyvilon.
  1704 | D:3      | Reached skill level 1 in Dodging
  2058 | D:4      | Noticed an ogre
  2228 | D:4      | Noticed a necrophage
  2241 | D:4      | Killed a necrophage
  2242 | D:4      | Reached XP level 5. HP: 8/47 MP: 4/4
  2540 | D:4      | Killed an ogre
  2541 | D:4      | Reached skill level 5 in Long Blades
  2541 | D:4      | Reached skill level 5 in Armour
  2541 | D:4      | Reached XP level 6. HP: 55/55 MP: 5/5
  2605 | D:4      | Found an opulent altar of Gozag.
  3036 | D:4      | Reached skill level 5 in Fighting
  3036 | D:4      | Reached XP level 7. HP: 60/61 MP: 6/6
  3240 | D:4      | Found a bloodstained altar of Trog.
  3241 | D:4      | Noticed a wizard
  3246 | D:4      | Killed a wizard
  3388 | D:5      | Entered Level 5 of the Dungeon
  3874 | D:5      | Reached skill level 5 in Shields
  3988 | D:5      | Found a staircase to the Ecumenical Temple.
  4020 | Temple   | Entered the Ecumenical Temple
  4275 | Temple   | Became a worshipper of Warmaster Okawaru
  4523 | D:5      | Reached XP level 8. HP: 69/69 MP: 7/7
  4800 | D:6      | Reached * piety under Okawaru
  5604 | D:6      | Found a broken altar of Ashenzari.
  5615 | D:6      | Found a shimmering altar of Xom.
  5915 | D:7      | Noticed Menkaure
  5920 | D:7      | Killed Menkaure
  5921 | D:7      | Reached skill level 6 in Shields
  5921 | D:7      | Reached XP level 9. HP: 74/78 MP: 8/8
  6094 | D:7      | Reached ** piety under Okawaru
  6388 | D:7      | Found a stormy altar of Qazlal.
  6934 | D:8      | Reached skill level 10 in Long Blades
  7177 | D:8      | Reached skill level 7 in Shields
  7311 | D:8      | Reached skill level 1 in Stealth
  7578 | D:8      | Found a staircase to the Lair.
  7980 | D:9      | Found Ywoumess's Jewellery Emporium.
  8030 | D:9      | Noticed a two-headed ogre
  8040 | D:9      | Killed a two-headed ogre
  8040 | D:9      | Reached *** piety under Okawaru
  8041 | D:9      | Reached skill level 1 in Evocations
  8041 | D:9      | Reached XP level 10. HP: 49/88 MP: 6/9
  8224 | D:9      | Found Cadepin's General Store.
  8229 | D:9      | Bought a scroll of identify for 26 gold pieces
  8269 | D:9      | Found Xyrphuh's Distillery.
  8396 | D:9      | Found Lifoq's Antique Weapon Shop.
  8424 | D:9      | Found a glowing golden altar of the Shining One.
  8424 | D:9      | Found a sacrificial altar of Ru.
  8490 | D:9      | Reached skill level 10 in Armour
  8491 | D:9      | Reached **** piety under Okawaru
  8847 | D:9      | Found Bofige's General Store.
  8855 | D:9      | Bought a scroll of magic mapping for 45 gold pieces
  9024 | D:10     | Entered Level 10 of the Dungeon
  9040 | D:10     | Noticed Sonja
  9047 | D:10     | Killed Sonja
  9098 | D:10     | Noticed a two-headed ogre
  9103 | D:10     | Killed a two-headed ogre
  9116 | D:10     | Reached skill level 1 in Invocations
  9169 | D:10     | Identified the +2 spear of the Valley {flame, rC+ rN+}
  9171 | D:10     | Found a runed translucent door.
  9216 | D:10     | Reached ***** piety under Okawaru
  9230 | D:10     | Received a gift from Okawaru
  9231 | D:10     | Reached skill level 8 in Shields
  9545 | D:10     | Noticed a soul eater
  9557 | D:10     | Received a gift from Okawaru
  9558 | D:10     | Reached XP level 11. HP: 68/95 MP: 7/10
 10120 | D:10     | Noticed Tali's ghost (novice DsBe)
 11157 | D:11     | Noticed a boulder beetle
 11191 | D:11     | Killed a boulder beetle
 11192 | D:11     | Reached skill level 9 in Shields
 12000 | D:11     | Found a staircase to the Orcish Mines.
 12227 | D:11     | Noticed a deep elf pyromancer
 12252 | D:11     | Killed a deep elf pyromancer
 12252 | D:11     | Identified the +3 ring mail of Complete Protection {Contam
                  | Harm rF+ rN+++} (Okawaru gifted it to you on level 11 of
                  | the Dungeon)
 12252 | D:11     | Received a gift from Okawaru
 12530 | D:11     | Noticed a necromancer
 12541 | D:11     | Killed a necromancer
 13400 | Lair:1   | Entered Level 1 of the Lair of Beasts
 13607 | Lair:1   | Noticed a seven-headed hydra
 13942 | D:12     | Reached skill level 10 in Shields
 14071 | D:12     | Noticed a two-headed ogre
 14076 | D:12     | Killed a two-headed ogre
 14141 | D:12     | Reached XP level 12. HP: 16/106 MP: 9/12
 14638 | D:12     | Reached skill level 10 in Fighting
 15040 | D:12     | Noticed a two-headed ogre
 15046 | D:12     | Killed a two-headed ogre
 15217 | D:12     | Noticed a two-headed ogre
 15223 | D:12     | Killed a two-headed ogre
 15394 | D:12     | Identified the +1 cloak "Tyxits" {Will+ rCorr MP+9 Stlth-}
                  | (Okawaru gifted it to you on level 12 of the Dungeon)
 15394 | D:12     | Received a gift from Okawaru
 15552 | D:12     | Noticed a boulder beetle
 15567 | D:12     | Killed a boulder beetle
 16447 | Lair:1   | Killed a seven-headed hydra
 16770 | Lair:1   | Reached skill level 11 in Shields
 16832 | Lair:1   | Noticed an eight-headed hydra
 16849 | Lair:1   | Killed an eight-headed hydra
 16850 | Lair:1   | Reached skill level 1 in Short Blades
 17923 | Lair:2   | Found a runed translucent gate.
 17923 | Lair:2   | Found a runed translucent gate.
 17923 | Lair:2   | Found a runed translucent gate.
 17927 | Lair:2   | Noticed Qucvyi Areg's ghost (journeyman DrTm)
 17927 | Lair:2   | Noticed a death yak
 18056 | Lair:2   | Noticed Maggie
 18073 | Lair:2   | Killed Maggie
 19384 | Lair:3   | Reached skill level 5 in Dodging
 19469 | Lair:3   | Found a hole to the Spider Nest.
 19543 | Lair:3   | Found a hazy altar of Hepliaklqana.
 20056 | Lair:4   | You fall into a shaft and drop 2 floors!
 20056 | Lair:6   | Entered Level 6 of the Lair of Beasts
 20079 | Lair:6   | Reached XP level 13. HP: 79/116 MP: 13/13
 20202 | Lair:6   | Reached skill level 12 in Shields
 20210 | Lair:6   | Received a gift from Okawaru
 22027 | Lair:6   | Reached skill level 13 in Shields
 23234 | Lair:4   | Found a staircase to the Swamp.
 23340 | Lair:5   | Identified the +0 pair of boots of Naqung {MP+9 Slay+3}
                  | (Okawaru gifted it to you on level 5 of the Lair of Beasts)
 23340 | Lair:5   | Received a gift from Okawaru
 23403 | Lair:5   | Reached skill level 15 in Armour
 24017 | Lair:4   | Reached skill level 15 in Long Blades
 24254 | Lair:4   | Reached skill level 14 in Shields
 24254 | Lair:4   | Reached XP level 14. HP: 44/127 MP: 15/15
 25730 | Lair:2   | Killed Qucvyi Areg's ghost
 25914 | Orc:1    | Entered Level 1 of the Orcish Mines
 26029 | Orc:1    | Found Hiuth's Antique Weapon Emporium.
 26468 | Orc:2    | Entered Level 2 of the Orcish Mines
 26659 | Orc:2    | Noticed Urug
 26709 | Orc:1    | Received a gift from Okawaru
 26941 | Orc:2    | Killed Urug
 28276 | Orc:2    | Noticed an orc warlord
 28442 | Orc:2    | Killed an orc warlord
 28442 | Orc:2    | Received a gift from Okawaru
 28677 | Orc:2    | Found Peziunei's Antique Armour Shoppe.
 28699 | Orc:2    | Found Orefi's Antique Weapon Shoppe.
 28727 | Orc:2    | Found Peasec's General Store.
 28870 | Orc:2    | Found a staircase to the Elven Halls.
 29231 | Orc:2    | Found Zeoxtih's Jewellery Shoppe.
 29237 | Orc:2    | Bought the ring "Osaib" {rPois Str+4 SInv} for 594 gold
                  | pieces
 29330 | Orc:1    | Noticed Fannar
 29504 | Orc:1    | Killed Fannar
 29750 | D:13     | Reached skill level 15 in Shields
 29852 | D:13     | Noticed Josephine
 29860 | D:13     | Killed Josephine
 30000 | D:13     | Reached ****** piety under Okawaru
 30365 | D:13     | Found a gate to the Vaults.
 30365 | D:13     | Noticed an ironbound preserver
 30383 | D:13     | Killed an ironbound preserver
 31880 | Lair:6   | Noticed Snorg
 31891 | Lair:6   | Killed Snorg
 31969 | Lair:6   | Reached XP level 15. HP: 118/138 MP: 16/16
 31978 | Lair:6   | Reached skill level 16 in Shields
 32148 | Lair:6   | Found a staircase to the Slime Pits.
 32148 | Lair:6   | Found a viscous altar of Jiyva.
 32321 | Lair:6   | Identified the +9 crystal plate armour "Panefei" {rF+
                  | Int+2} (Okawaru gifted it to you on level 6 of the Lair of
                  | Beasts)
 32321 | Lair:6   | Received a gift from Okawaru
 33645 | D:14     | Found a frozen archway.
 33655 | IceCv    | Entered an ice cave
 33695 | IceCv    | HP: 5/139 [golden dragon simulacrum (3)]
 34344 | IceCv    | Reached skill level 17 in Shields
 35074 | IceCv    | Noticed an Ice Fiend
 35085 | IceCv    | Killed an Ice Fiend
 36411 | D:14     | Reached skill level 15 in Fighting
 36959 | D:15     | Entered Level 15 of the Dungeon
 37045 | D:15     | Found Zugga's Antique Armour Shop.
 37120 | D:15     | Found Ixzialef's Weapon Shoppe.
 37222 | D:15     | Found a staircase to the Depths.
 37254 | D:15     | Identified the +3 plate armour of Kiupig {rC+ Will- Dex+3
                  | SInv} (Okawaru gifted it to you on level 15 of the Dungeon)
 37254 | D:15     | Received a gift from Okawaru
 37569 | D:15     | Found an iron altar of Okawaru.
 37631 | D:15     | Found Soliaj's Assorted Antiques.
 37639 | D:15     | Bought a scroll labelled YSELOPN PEDOM for 34 gold pieces
 37749 | D:15     | Found Iwuwieq's Antique Weapon Emporium.
 37787 | D:15     | Found Sofiwyari's General Store.
 38678 | Elf:1    | Entered Level 1 of the Elven Halls
 38678 | Elf:1    | Noticed a deep elf sorcerer
 38678 | Elf:1    | Found a runed translucent gate.
 38678 | Elf:1    | Found a runed translucent gate.
 38678 | Elf:1    | Found a runed translucent gate.
 38678 | Elf:1    | Found a runed translucent gate.
 38678 | Elf:1    | Found a runed translucent gate.
 38678 | Elf:1    | Found a runed translucent gate.
 38681 | Elf:1    | Found a runed translucent door.
 38891 | Elf:1    | Found a crumbling gateway.
 38905 | Elf:1    | Reached skill level 18 in Shields
 38921 | Elf:1    | Killed from afar by a deep elf zephyrmancer

Illustrated notes

Levels and vault maps discovered:
D:1:      dpeg_arrival_short_road, layout_basic, minmay_misc_feat_more_columns,
          kennysheep_nondescript, st_stairs_1
D:2:      layout_basic, shapermc_ecumenical_altar_totnotflames
D:3:      layout_basic, elyvilon_altar_4, serial_shops, shop_statue
D:4:      layout_rooms, general_overflow_altar, trog_wizard,
          minmay_increasing_density
D:5:      layout_cave_pools, minmay_temple_entry_drinking_statues
D:6:      layout_gridville, jmf_multi_god_temple
D:7:      layout_cave_pools, amcnicky_altar_gilded, minmay_misc_feat_tiny,
          uniq_menkaure
D:8:      layout_basic, dpeg_oklobed_lair, hangedman_abyss_or_decor_clamps
D:9:      layout_rooms, gammafunk_temple_overflow_wave, serial_shops,
          nicolae_shop_stone, nicolae_shop_waterfront, shop, shop,
          nicolae_shop_trees, minmay_starry_boxes
D:10:     layout_long_grid, ebering_ghost_funeral_grove, uniq_sonja
D:11:     layout_basic, david_orc_2, special_room [special_room_orc],
          eino_house_with_fridge
D:12:     layout_basic, minivault_16, blue_anna_alchemist
D:13:     layout_long_grid, skrybe_vaults_entry_preservation,
          serial_co_window_serial, co_window_paths_a, co_window_corner_a,
          co_window_of_opportunity_a, co_window_paths_b,
          co_window_of_opportunity_a, co_window_of_opportunity_c,
          co_window_corner_b, co_window_2corner, co_window_corner_b,
          co_window_of_opportunity_b, co_window_paths_c, co_window_2corner,
          hangedman_stone_soup, uniq_josephine
D:14:     layout_layer_cave, portal_ice_cave_entry_pillars_1,
          hangedman_decor_growths
D:15:     gammafunk_depths_entry_grave, layout_irregular_city,
          serial_bayou_pond_a, serial_shops, nicolae_shop_overgrown_old_shop,
          nicolae_inconvenience_store, nicolae_shop_competitors_out_of_business,
          nicolae_shop_statue_plus, nicolae_shop_crystal, okawaru_trees_2
Temple:   nicolae_temple_great_sept
Lair:1:   layout_small_grid, serial_bayou_shore_a
Lair:2:   layout_layer_cave, gammafunk_ghost_split, uniq_maggie
Lair:3:   layout_chaotic_city, hellmonk_spider_entry_not_the_bees, basic_altar,
          lemuel_fruit_fields
Lair:4:   layout_misc_corridors, swamp_mist_pool,
          nicolae_quartered_pool_impasse, minmay_stone_trees_large,
          nzn_random_ring
Lair:5:   lemuel_reptile_caves, layout_long_grid
Lair:6:   minmay_lair_end_enchanted_forest, layout_cave_pods, slime_altar_1,
          uniq_snorg
Orc:1:    layout_caves, serial_shops, nicolae_shop_stone, uniq_fannar
Orc:2:    grunt_orc_cross, layout_diamond_mine, basic_altar, roderic_batcave,
          minmay_orc_temple_b, uniq_urug
Elf:1:    nicolae_elf_arrival_dilemma, layout_geoelf_diagonals,
          serial_corexii_hall, corexii_hall_statues_x,
          chequers_hall_statues_corner_a, portal_desolation_entry_twin_temple,
          hangedman_elf_disciples

Skill      XL: |  1  2  3  4  5  6  7  8  9 10 11 12 13 14 15 |
---------------+----------------------------------------------+-----
Shields        | 4 5 6 7 8 10 11 14 15 18 | 18.0
Fighting       | 4 5 6 7 8 9 11 12 14 15 | 15.3
Armour         | 4 5 6 8 9 11 12 14 15 16 17 | 17.2
Long Blades    | 3 4 5 7 9 10 12 13 14 15 16 | 16.8
Dodging        | 1 2 3 4 5 6 |  6.4
Stealth        | 1 2 3 |  3.1
Evocations     | 1 2 |  2.2
Invocations    | 1 2 3 |  3.7
Short Blades   | 2 3 |  3.0

Action                   |  1- 3 |  4- 6 |  7- 9 | 10-12 | 13-15 || total
-------------------------+-------+-------+-------+-------+-------++-------
Melee: Long sword        |    83 |    65 |   246 |       |       ||   394
       Headbutt          |    11 |    11 |    56 |   188 |   326 ||   592
       Falchion          |       |       |    63 |   692 |     5 ||   760
       Short sword       |       |       |       |    32 |    10 ||    42
       Scimitar          |       |       |       |       |  1288 ||  1288
Invok: Heroism           |       |       |     4 |    26 |    25 ||    55
Evoke: Wand              |       |     3 |     3 |     7 |    15 ||    28
  Use: Potion            |     1 |     3 |     1 |       |     8 ||    13
       Scroll            |       |     3 |     5 |     6 |    12 ||    26
 Stab: Paralysed         |       |       |       |     2 |       ||     2
       Petrified         |       |       |       |       |     3 ||     3
Armor: Scale mail        |    32 |    30 |       |       |       ||    62
       Chain mail        |       |    34 |   180 |   276 |   245 ||   735
       Plate armour      |       |       |       |       |   228 ||   228
       Crystal plate arm |       |       |       |       |   115 ||   115
Dodge: Dodged            |    43 |    50 |   157 |   241 |   395 ||   886
Block: Buckler           |    20 |    19 |    95 |   374 |   387 ||   895
       Reflection        |       |       |       |    15 |    32 ||    47
       Kite shield       |       |       |       |       |   717 ||   717
